General information
- name: BNet
- type: Ladder team game (AT/RT)
- host: Battle.net
- saver: SufferNoFools
map: Sanctuary_LV
- players: 8
- length: 36:55
- speed: Fast
- version: 1.29 W3XP
- replay type: Public
» download(333 KB)
Players
team 1 (loser)

»
dont.tp (
teal | 72 APM | 2499 actions | 34:56)
7 Goblin Alchemist
3 Chemical Rage
3 Healing Spray
1 Transmute
» actions
| Assign group hotkey | 67 | |
| Basic commands | 114 | |
| Build / train | 81 | |
| ESC pressed | 8 | |
| Enter build submenu | 31 | |
| Enter hero's abilities submenu | 7 | |
| Give item / drop item | 4 | |
| Remove unit from queue | 1 | |
| Right click | 931 | |
| Select / deselect | 583 | |
| Select group hotkey | 517 | |
| Use ability | 155 | |
2499 total
» units
| Wisp | 27 | |
| Archer | 8 | |
| Druid of the Talon | 16 | |
| Hippogryph | 4 | |
| Goblin Zeppelin | 1 | |
56 total
» upgrades
| Improved Bows | 1 | |
| Druid of the Talon Training | 2 | |
| Mark of the Talon | 1 | |
| Strength of the Wild | 2 | |
| Reinforced Hides | 2 | |
| Marksmanship | 1 | |
| Nature's Blessing | 1 | |
10 total
» buildings
| Moon Well | 6 | |
| Altar of Elders | 1 | |
| Ancient of War | 2 | |
| Tree of Ages | 2 | |
| Hunter's Hall | 1 | |
| Ancient of Wonders | 1 | |
| Tree of Eternity | 1 | |
| Tree of Life | 12 | |
| Ancient of Wind | 5 | |
31 total
» build order
00:04 Moon Well
00:12 Altar of Elders
00:33 Ancient of War
01:10 Ancient of War
01:34 Moon Well
02:42 Tree of Ages
02:42 Tree of Ages
03:15 Hunter's Hall
03:28 Ancient of Wonders
04:00 Moon Well
05:08 Tree of Eternity
05:28 Tree of Life
05:40 Ancient of Wind
05:46 Ancient of Wind
06:22 Moon Well
09:21 Moon Well
09:22 Moon Well
11:47 Ancient of Wind
14:03 Ancient of Wind
14:28 Ancient of Wind
15:17 Tree of Life
21:08 Tree of Life
21:16 Tree of Life
21:19 Tree of Life
21:32 Tree of Life
24:56 Tree of Life
25:14 Tree of Life
26:14 Tree of Life
26:49 Tree of Life
28:09 Tree of Life
30:18 Tree of Life
» items
| Scroll of Town Portal | 2 | |
| Orb of Venom | 1 | |
3 total
SufferNoFools (
green | 58 APM | 2130 actions | 36:55)
6 Archmage
3 Summon Water Elemental
2 Brilliance Aura
1 Mass Teleport
» actions
| Assign group hotkey | 74 | |
| Basic commands | 231 | |
| Build / train | 88 | |
| Enter build submenu | 63 | |
| Enter hero's abilities submenu | 6 | |
| Give item / drop item | 5 | |
| Remove unit from queue | 1 | |
| Right click | 653 | |
| Select / deselect | 441 | |
| Select group hotkey | 394 | |
| Use ability | 174 | |
2130 total
» units
| Peasant | 13 | |
| Footman | 4 | |
| Goblin Shredder | 1 | |
| Gryphon Rider | 12 | |
| Goblin Zeppelin | 3 | |
| Goblin Sapper | 13 | |
46 total
» upgrades
| Lumber Harvesting | 1 | |
| Masonry | 3 | |
| Swords | 3 | |
| Armor | 3 | |
| Animal War Training | 1 | |
| Storm Hammers | 1 | |
| Cloud | 1 | |
13 total
» buildings
| Altar of Kings | 1 | |
| Barracks | 1 | |
| Farm | 15 | |
| Keep | 1 | |
| Arcane Vault | 2 | |
| Lumber Mill | 2 | |
| Town Hall | 3 | |
| Scout Tower | 44 | |
| Castle | 1 | |
| Guard Tower | 9 | |
| Gryphon Aviary | 6 | |
| Arcane Tower | 1 | |
| Blacksmith | 2 | |
88 total
» build order
00:52 Altar of Kings
00:54 Barracks
00:54 Farm
00:56 Farm
00:58 Farm
00:59 Farm
01:05 Farm
03:15 Keep
03:18 Farm
03:40 Arcane Vault
04:53 Lumber Mill
04:58 Town Hall
05:01 Scout Tower
05:02 Scout Tower
05:03 Scout Tower
05:06 Scout Tower
05:52 Scout Tower
06:33 Castle
06:36 Guard Tower
07:02 Gryphon Aviary
07:04 Gryphon Aviary
07:06 Gryphon Aviary
08:30 Arcane Tower
08:35 Blacksmith
08:37 Blacksmith
08:46 Farm
10:58 Scout Tower
10:58 Scout Tower
11:00 Scout Tower
11:01 Scout Tower
11:03 Scout Tower
12:24 Gryphon Aviary
13:39 Guard Tower
14:27 Arcane Vault
15:21 Scout Tower
15:22 Scout Tower
15:22 Scout Tower
15:23 Scout Tower
15:23 Scout Tower
16:15 Scout Tower
16:15 Scout Tower
16:16 Scout Tower
16:17 Scout Tower
16:18 Scout Tower
16:20 Scout Tower
16:20 Scout Tower
16:21 Scout Tower
16:21 Scout Tower
16:24 Scout Tower
16:24 Scout Tower
16:25 Scout Tower
16:27 Scout Tower
16:28 Scout Tower
16:30 Scout Tower
16:31 Scout Tower
16:33 Scout Tower
16:34 Scout Tower
16:35 Scout Tower
16:40 Scout Tower
16:40 Scout Tower
16:44 Lumber Mill
17:09 Farm
17:10 Farm
17:12 Farm
17:13 Farm
17:14 Farm
17:19 Guard Tower
17:21 Guard Tower
18:37 Guard Tower
18:46 Gryphon Aviary
18:48 Gryphon Aviary
19:01 Guard Tower
19:32 Guard Tower
19:49 Farm
19:49 Farm
19:51 Farm
23:52 Guard Tower
24:11 Town Hall
24:20 Scout Tower
24:20 Scout Tower
24:20 Scout Tower
24:21 Scout Tower
24:22 Scout Tower
24:22 Scout Tower
24:22 Scout Tower
24:22 Scout Tower
25:24 Guard Tower
32:05 Town Hall
» items
| Scroll of Regeneration | 2 | |
| Scroll of Town Portal | 4 | |
| Mechanical Critter | 1 | |
| Scroll of Protection | 1 | |
| Staff of Sanctuary | 1 | |
9 total
The_Alliance (
purple | 44 APM | 1567 actions | 35:24)
6 Paladin
3 Holy Light
2 Devotion Aura
1 Divine Shield
» actions
| Assign group hotkey | 74 | |
| Basic commands | 136 | |
| Build / train | 63 | |
| Enter build submenu | 35 | |
| Enter hero's abilities submenu | 8 | |
| Give item / drop item | 3 | |
| Remove unit from queue | 1 | |
| Right click | 691 | |
| Select / deselect | 297 | |
| Select group hotkey | 165 | |
| Use ability | 94 | |
1567 total
» units
» upgrades
| Swords | 3 | |
| Lumber Harvesting | 2 | |
| Animal War Training | 1 | |
| Plating | 3 | |
| Flak Cannons | 1 | |
| Gunpowder | 1 | |
11 total
» buildings
| Farm | 14 | |
| Altar of Kings | 1 | |
| Barracks | 2 | |
| Lumber Mill | 2 | |
| Keep | 2 | |
| Blacksmith | 1 | |
| Castle | 1 | |
| Arcane Vault | 1 | |
| Town Hall | 4 | |
| Workshop | 7 | |
35 total
» build order
00:11 Farm
00:18 Altar of Kings
00:51 Farm
01:17 Barracks
01:48 Lumber Mill
03:17 Keep
03:17 Keep
04:45 Blacksmith
06:09 Castle
06:14 Arcane Vault
08:14 Town Hall
08:19 Town Hall
10:42 Barracks
11:01 Farm
11:02 Farm
11:02 Farm
11:03 Farm
12:47 Farm
12:47 Farm
12:48 Farm
12:50 Farm
12:51 Farm
12:52 Farm
12:52 Farm
12:54 Farm
22:50 Town Hall
23:08 Lumber Mill
24:12 Town Hall
27:22 Workshop
27:23 Workshop
27:24 Workshop
32:11 Workshop
32:12 Workshop
32:13 Workshop
32:23 Workshop
» items
| Potion of Healing | 5 | |
| Potion of Mana | 1 | |
| Scroll of Town Portal | 1 | |
| Rod of Necromancy | 1 | |
| Orb of Venom | 1 | |
| Anti-magic Potion | 2 | |
| Dust of Appearance | 1 | |
12 total
AFKER_TKER_BSER (
yellow | 42 APM | 1482 actions | 35:32)
8 Dreadlord
3 Carrion Swarm
3 Vampiric Aura
1 Inferno
1 Sleep
» actions
| Assign group hotkey | 24 | |
| Basic commands | 50 | |
| Build / train | 101 | |
| Enter build submenu | 28 | |
| Enter hero's abilities submenu | 8 | |
| Give item / drop item | 2 | |
| Remove unit from queue | 2 | |
| Right click | 429 | |
| Select / deselect | 463 | |
| Select group hotkey | 263 | |
| Use ability | 111 | |
1482 total
» units
| Acolyte | 12 | |
| Ghoul | 3 | |
| Gargoyle | 50 | |
65 total
» upgrades
| Creature Attack | 3 | |
| Creature Carapace | 3 | |
| Stone Form | 1 | |
7 total
» buildings
| Crypt | 5 | |
| Necropolis | 1 | |
| Halls of the Dead | 1 | |
| Graveyard | 1 | |
| Altar of Darkness | 1 | |
| Ziggurat | 9 | |
| Tomb of Relics | 1 | |
| Spirit Tower | 5 | |
| Black Citadel | 1 | |
| Nerubian Tower | 1 | |
26 total
» build order
00:09 Crypt
00:28 Necropolis
01:37 Halls of the Dead
01:50 Graveyard
02:12 Altar of Darkness
02:29 Ziggurat
02:41 Tomb of Relics
03:03 Crypt
03:19 Ziggurat
05:21 Spirit Tower
05:21 Spirit Tower
09:26 Ziggurat
10:17 Ziggurat
10:19 Ziggurat
10:21 Ziggurat
10:40 Black Citadel
15:34 Crypt
15:36 Crypt
15:39 Ziggurat
15:40 Ziggurat
15:41 Crypt
23:14 Nerubian Tower
23:15 Spirit Tower
23:21 Spirit Tower
26:04 Spirit Tower
31:20 Ziggurat
» items
| Rod of Necromancy | 5 | |
| Potion of Mana | 2 | |
| Scroll of Town Portal | 1 | |
| Lesser Clarity Potion | 2 | |
10 total
team 2 (winner)

»
a]x[Scott (
pink | 70 APM | 1037 actions | 14:45)
3 Archmage
2 Summon Water Elemental
1 Brilliance Aura
2 Priestess of the Moon
1 Searing Arrows
1 Trueshot Aura
2 Mountain King
1 Storm Bolt
1 Thunder Clap
» actions
| Assign group hotkey | 34 | |
| Basic commands | 129 | |
| Build / train | 64 | |
| Enter build submenu | 32 | |
| Enter hero's abilities submenu | 7 | |
| Right click | 257 | |
| Select / deselect | 258 | |
| Select group hotkey | 205 | |
| Use ability | 51 | |
1037 total
» units
| Wisp | 8 | |
| Peasant | 10 | |
| Footman | 6 | |
| Archer | 8 | |
| Huntress | 3 | |
| Sorceress | 1 | |
| Priest | 4 | |
| Spell Breaker | 1 | |
| Knight | 4 | |
| Gryphon Rider | 1 | |
46 total
» upgrades
» buildings
| Altar of Kings | 1 | |
| Farm | 9 | |
| Barracks | 1 | |
| Altar of Elders | 1 | |
| Ancient of War | 2 | |
| Moon Well | 4 | |
| Keep | 1 | |
| Tree of Ages | 1 | |
| Hunter's Hall | 1 | |
| Arcane Vault | 1 | |
| Arcane Sanctum | 2 | |
| Lumber Mill | 1 | |
| Blacksmith | 1 | |
| Castle | 1 | |
| Gryphon Aviary | 2 | |
29 total
» build order
00:11 Altar of Kings
00:42 Farm
00:43 Barracks
00:51 Altar of Elders
00:59 Ancient of War
01:00 Moon Well
01:16 Farm
01:55 Moon Well
02:26 Farm
03:00 Moon Well
03:21 Keep
04:01 Farm
04:18 Tree of Ages
04:25 Hunter's Hall
05:40 Ancient of War
05:44 Moon Well
06:51 Arcane Vault
07:26 Arcane Sanctum
07:28 Arcane Sanctum
07:55 Farm
07:58 Farm
08:05 Lumber Mill
08:09 Blacksmith
08:40 Castle
09:26 Farm
12:12 Gryphon Aviary
12:13 Gryphon Aviary
13:33 Farm
13:36 Farm
» items
| Scroll of Town Portal | 1 | |
| Scroll of Regeneration | 1 | |
| Lesser Clarity Potion | 1 | |
| Potion of Mana | 1 | |
4 total
69BILLY (
red | 0 APM | 0 actions | 00:01)
SHEEEEEIIITTTT (
blue | 116 APM | 4296 actions | 36:55)
10 Blademaster
3 Wind Walk
3 Critical Strike
1 Bladestorm
3 Mirror Image
5 Shadow Hunter
2 Healing Wave
3 Hex
» actions
| Assign group hotkey | 94 | |
| Basic commands | 26 | |
| Build / train | 139 | |
| ESC pressed | 3 | |
| Enter build submenu | 57 | |
| Enter hero's abilities submenu | 16 | |
| Give item / drop item | 9 | |
| Remove unit from queue | 3 | |
| Right click | 1804 | |
| Select / deselect | 668 | |
| Select group hotkey | 1173 | |
| Use ability | 304 | |
4296 total
» units
| Peon | 12 | |
| Grunt | 4 | |
| Goblin Shredder | 2 | |
| Troll Headhunter/Berserker | 12 | |
| Assassin | 1 | |
| Kodo Beast | 1 | |
| Wisp | 7 | |
| Troll Batrider | 23 | |
| Wind Rider | 2 | |
64 total
» upgrades
| Berserker Strength | 1 | |
| Armor | 3 | |
| Ranged Weapons | 3 | |
| Berserker Upgrade | 1 | |
| Pillage | 1 | |
| Reinforced Defenses | 1 | |
| Troll Regeneration | 1 | |
| War Drums Damage Increase | 1 | |
| Spiked Barricades | 1 | |
| Envenomed Spears | 1 | |
| Liquid Fire | 1 | |
15 total
» buildings
| Orc Burrow | 7 | |
| Altar of Storms | 1 | |
| Barracks | 1 | |
| Voodoo Lounge | 1 | |
| Stronghold | 2 | |
| War Mill | 1 | |
| Great Hall | 2 | |
| Fortress | 2 | |
| Watch Tower | 31 | |
| Beastiary | 2 | |
| Ancient Protector | 7 | |
57 total
» build order
00:06 Orc Burrow
01:01 Altar of Storms
01:04 Barracks
01:20 Orc Burrow
02:15 Voodoo Lounge
02:31 Orc Burrow
03:47 Stronghold
03:47 Stronghold
04:17 War Mill
05:04 Great Hall
07:26 Orc Burrow
08:07 Fortress
08:07 Fortress
08:38 Watch Tower
09:12 Watch Tower
09:15 Watch Tower
09:19 Watch Tower
09:22 Watch Tower
11:47 Beastiary
11:50 Beastiary
14:09 Watch Tower
14:54 Watch Tower
14:57 Watch Tower
15:46 Watch Tower
15:52 Watch Tower
15:52 Watch Tower
15:56 Watch Tower
16:14 Ancient Protector
16:15 Ancient Protector
16:18 Ancient Protector
16:20 Ancient Protector
18:19 Watch Tower
18:21 Watch Tower
18:28 Ancient Protector
18:29 Ancient Protector
18:30 Ancient Protector
19:12 Watch Tower
19:23 Orc Burrow
19:26 Orc Burrow
20:15 Orc Burrow
21:00 Watch Tower
21:02 Watch Tower
21:26 Watch Tower
21:29 Watch Tower
21:32 Watch Tower
26:52 Watch Tower
26:53 Watch Tower
26:55 Watch Tower
26:59 Watch Tower
27:00 Watch Tower
28:40 Watch Tower
28:42 Watch Tower
33:33 Great Hall
33:34 Watch Tower
33:35 Watch Tower
33:36 Watch Tower
33:36 Watch Tower
» items
| Healing Salve | 8 | |
| Lesser Clarity Potion | 9 | |
| Scroll of Town Portal | 2 | |
| Orb of Lightning | 2 | |
| Boots of Speed | 1 | |
| Potion of Lesser Invulnerability | 1 | |
| Scroll of Protection | 1 | |
| Potion of Healing | 1 | |
| Tiny Great Hall | 1 | |
| Potion of Mana | 1 | |
27 total
AryaStark (
orange | 41 APM | 582 actions | 14:20)
3 Mountain King
2 Storm Bolt
1 Bash
2 Dark Ranger
2 Black Arrow
» actions
| Assign group hotkey | 21 | |
| Basic commands | 29 | |
| Build / train | 46 | |
| Enter build submenu | 18 | |
| Enter hero's abilities submenu | 5 | |
| Right click | 182 | |
| Select / deselect | 162 | |
| Select group hotkey | 92 | |
| Use ability | 27 | |
582 total
» units
| Peasant | 8 | |
| Footman | 5 | |
| Archer | 4 | |
| Rifleman | 7 | |
| Goblin Shredder | 1 | |
25 total
» upgrades
| Defend | 1 | |
| Long Rifles | 1 | |
| Lumber Harvesting | 1 | |
| Improved Bows | 1 | |
| Ultravision | 1 | |
| Gunpowder | 2 | |
| Masonry | 1 | |
8 total
» buildings
| Farm | 9 | |
| Altar of Kings | 1 | |
| Barracks | 3 | |
| Scout Tower | 3 | |
| Arcane Tower | 1 | |
| Lumber Mill | 1 | |
| Arcane Vault | 1 | |
| Keep | 1 | |
| Guard Tower | 2 | |
| Blacksmith | 1 | |
| Castle | 1 | |
| Tree of Eternity | 1 | |
| Ancient of Wonders | 1 | |
26 total
» build order
00:16 Farm
00:20 Altar of Kings
00:42 Farm
01:04 Barracks
01:25 Scout Tower
01:56 Arcane Tower
02:09 Farm
03:06 Lumber Mill
03:09 Scout Tower
03:29 Scout Tower
03:32 Arcane Vault
03:57 Keep
04:08 Guard Tower
04:33 Guard Tower
04:36 Blacksmith
05:26 Farm
06:40 Castle
06:45 Barracks
06:50 Barracks
06:58 Farm
06:58 Farm
07:26 Tree of Eternity
08:15 Ancient of Wonders
09:49 Farm
09:50 Farm
11:56 Farm
Chat log
(00:06 / All) a]x[Scott: -.-
(00:27 / All) The_Alliance: New UI is kinda strange for me, but still lovely!
(00:34 / All) AryaStark: very strange
(00:42 / All) AFKER_TKER_BSER: its so shit the 2 boxes on the side are bugging me
(00:55 / All) The_Alliance: We will get use to it i bet
(01:39 / All) The_Alliance: Oh, and lovely new map
(01:49 / All) dont.tp: old map
(01:52 / All) SHEEEEEIIITTTT: and a shit game since bnet full of afkers and leavers
(01:55 / All) The_Alliance: New*
(01:57 / All) AFKER_TKER_BSER: they didnt back friends?
(01:59 / All) dont.tp: old map
(02:03 / All) dont.tp: old patch
(02:06 / Allies) The_Alliance: :/
(02:09 / All) The_Alliance: :/
(02:10 / All) The_Alliance: Same thing
(02:15 / All) The_Alliance: And yes, AFK and leavers.....darn
(02:21 / All) AFKER_TKER_BSER: lol
(02:32 / All) SufferNoFools: oh
(02:38 / All) SufferNoFools: I thought this map was other one I played
(02:44 / All) SufferNoFools: that looks nearly identical on minimap
(02:50 / All) SufferNoFools: but it's different
(04:11 / All) The_Alliance: Still a bit shocked that we had an update
(04:32 / Allies) AFKER_TKER_BSER: teal come
(04:33 / Allies) AFKER_TKER_BSER: im expoing
(04:40 / Allies) dont.tp: u can
(04:44 / All) SufferNoFools: these creeps are fucking hard!
(05:07 / Allies) AFKER_TKER_BSER: teal
(05:25 / Allies) The_Alliance: omw
(05:33 / Allies) AFKER_TKER_BSER: gg
(06:41 / Allies) dont.tp: easy
(06:52 / Allies) SufferNoFools: lumber?
(07:33 / Allies) The_Alliance: Pass some here if possible
(07:49 / Allies) The_Alliance: wood*
(09:09 / All) SufferNoFools: they shouldn't have sprunga ll these changes on us all at once
(10:35 / All) SHEEEEEIIITTTT: amulet of spell shield, sweet mid drops on this map
(11:21 / Allies) dont.tp: gg
(11:42 / Allies) dont.tp: wood
(13:04 / Allies) dont.tp: thx team
(13:15 / Allies) SufferNoFools: too much aa bro
(13:54 / Allies) dont.tp: à4vs1
(14:42 / All) a]x[Scott: gg blue noob
(14:45 / All) SHEEEEEIIITTTT: lol
(14:53 / All) The_Alliance: I thought he did good
(14:58 / All) The_Alliance: I think orange was your real draw back
(15:04 / All) SHEEEEEIIITTTT: agreed
(15:14 / All) SHEEEEEIIITTTT: he just mad i didnt want to rush
(15:23 / All) The_Alliance: Thats WC 3 for ya
(15:27 / All) The_Alliance: love this game. I need to play more often
(15:28 / All) dont.tp: alchimist is beast
(15:37 / All) The_Alliance: I heard his spray does not heal enemies anymore
(15:38 / All) SHEEEEEIIITTTT: yeah
(15:40 / All) SHEEEEEIIITTTT: I love alch
(17:04 / Allies) The_Alliance: omw!
(17:10 / Allies) The_Alliance: drop on me to heal
(17:15 / All) dont.tp: ahah
(17:40 / All) SufferNoFools: warcraft 3 is a stranger to me now
(17:42 / Allies) The_Alliance: You were too far from me. :/
(17:42 / All) dont.tp: Ahaha
(17:51 / All) dont.tp: now revive
(18:18 / Allies) dont.tp: wood
(20:11 / Allies) dont.tp: ONLY BLUE
(20:12 / Allies) dont.tp: COMON
(20:30 / All) dont.tp: LOVE GOLD
(20:35 / All) The_Alliance: Rake in the cash
(20:47 / All) dont.tp: 150 mana
(20:47 / Allies) The_Alliance: less towers
(21:21 / Allies) AFKER_TKER_BSER: go dont be scared
(21:25 / Allies) AFKER_TKER_BSER: u have enough to kill his base
(21:55 / Allies) The_Alliance: Chill famalam
(21:56 / All) SufferNoFools: TEAL TKING ME
(22:19 / Allies) SufferNoFools: WTF TEAL!
(22:25 / All) The_Alliance: War of attrition blue, nice work
(22:30 / Allies) dont.tp: u tk my expo
(22:31 / Allies) dont.tp: man
(22:40 / Allies) dont.tp: again
(23:23 / Allies) SufferNoFools: Teal attacked me first
(23:25 / Allies) The_Alliance: dont jump in unless you have dust
(23:29 / Allies) dont.tp: u attack my expo first
(23:33 / Allies) SufferNoFools: BULLSHIT
(23:43 / Allies) The_Alliance: Ladies, ladies, calm down already
(24:04 / Allies) The_Alliance: Oh wait, hey someone did destroy my Expo as well
(24:10 / Allies) dont.tp: ya
(24:11 / Allies) dont.tp: green
(24:13 / Allies) dont.tp: destroy expo
(24:22 / Allies) The_Alliance: Green, you have some splaining to do!
(25:03 / Allies) The_Alliance: Anyone want to attack with me?
(25:08 / Allies) The_Alliance: Damn Green
(25:16 / Allies) The_Alliance: TPing into his base aint really helping your case
(25:25 / Allies) dont.tp: kill
(25:27 / Allies) dont.tp: this bitch
(26:18 / Allies) dont.tp: nice try
(26:19 / Allies) dont.tp: homo
(26:21 / Allies) SufferNoFools: lol
(26:37 / Allies) The_Alliance: I SAW THAT!
(26:39 / Allies) The_Alliance: Come on green
(26:44 / Allies) dont.tp: kill green
(26:44 / Allies) dont.tp: all
(26:46 / Allies) dont.tp: or i leave
(27:00 / Allies) The_Alliance: May as well. Yo Yellow, lets pump his ass
(27:14 / Allies) The_Alliance: now i wish i had morter teams
(28:01 / Allies) AFKER_TKER_BSER: u guys i play with u
(28:03 / Allies) AFKER_TKER_BSER: why bs me
(28:05 / Allies) AFKER_TKER_BSER: just tell me what to do
(28:13 / Allies) SufferNoFools: lol
(28:15 / Allies) dont.tp: àgg
(28:16 / Allies) SufferNoFools: kill teal
(28:17 / Allies) dont.tp: lol
(28:24 / Allies) AFKER_TKER_BSER: why bs me
(28:26 / Allies) The_Alliance: KIll green, he just destroyed my base
(28:35 / Allies) SufferNoFools: Well
(28:40 / Allies) SufferNoFools: You make us wait like 2 hours lol
(28:43 / Allies) SufferNoFools: instead of starting new games
(28:49 / Allies) The_Alliance: Really? Thats the reason!?
(29:38 / Allies) The_Alliance: Really green, i am TKing your ass the next game i see you tho
(30:09 / Allies) The_Alliance: I know you may not care, but bruh, bruh, whats up?
(32:49 / Allies) The_Alliance: On it
(33:02 / Allies) The_Alliance: or not
(33:04 / Allies) The_Alliance: blue got me
(33:17 / Allies) The_Alliance: Blue may very well win this
(33:23 / Allies) AFKER_TKER_BSER: they work together
(33:27 / Allies) The_Alliance: do they!?
(33:29 / Allies) AFKER_TKER_BSER: yes
(33:34 / Allies) AFKER_TKER_BSER: i play with them and bs all the time
(33:40 / Allies) The_Alliance: Yikes, why didnt you warn us before?
(33:45 / Allies) AFKER_TKER_BSER: i didnt know its them
(33:54 / Allies) The_Alliance: Different names?
(34:01 / Allies) AFKER_TKER_BSER: new names every time
(34:03 / Allies) AFKER_TKER_BSER: they ruin games
(34:08 / Allies) The_Alliance: Gotcha.
(34:12 / Allies) The_Alliance: Going to switch to mort teams from now on
(34:18 / Allies) The_Alliance: Easier to TK the TKers
(35:07 / Allies) The_Alliance: Ill catch you on the next game yellow
(35:17 / Allies) The_Alliance: The sooner we search for a game, the less of a chance we get these two dudes
(35:22 / Allies) The_Alliance: Tah tah, and good luck
(35:32 / Allies) AFKER_TKER_BSER: i dont even care about stats lol
(35:32 / All) SHEEEEEIIITTTT: nice
(35:34 / All) SufferNoFools: lol
(35:35 / All) SufferNoFools: I thought
(35:38 / All) SHEEEEEIIITTTT: this seems like a good map
(35:38 / All) SufferNoFools: he was gonna work with us
(35:42 / All) SufferNoFools: when he asked why we bs him
(35:47 / All) SufferNoFools: then he starts attakcing my shit with them lawl
(35:52 / All) SufferNoFools: so I kill his stuff again
(35:57 / All) SHEEEEEIIITTTT: he playing for win lol
(36:03 / All) SufferNoFools: that was somewhat close since teal and yellow had me coutnered
(36:13 / All) SHEEEEEIIITTTT: bats are so satisfying
(36:14 / All) SufferNoFools: I say my team lose
(36:17 / All) SufferNoFools: yeah lawl
(36:18 / All) SHEEEEEIIITTTT: raping a whole group of air at once
(36:19 / All) SHEEEEEIIITTTT: yeah
(36:22 / All) SHEEEEEIIITTTT: one of mine left at start anyway
(36:25 / All) SufferNoFools: did you manage to get expos
(36:33 / All) SHEEEEEIIITTTT: I have 2 right now
(36:35 / All) SufferNoFools: good
(36:37 / All) SHEEEEEIIITTTT: this is a good map for sneaking expos
(36:39 / All) SHEEEEEIIITTTT: despite the size
(36:42 / All) SufferNoFools: they got my main, and my two expo lol
(36:47 / All) SufferNoFools: they actually worked together to kill me well
(36:51 / All) SufferNoFools: I have 1 peon left
(36:53 / All) SufferNoFools: K my team lose